 Dungeon Crawl Stone Soup version 0.22.1-2-g9c5b331 (webtiles) character file.

42 MalarOregon the Chiller (level 3, 0/39 HPs)
             Began as a Merfolk Ice Elementalist on Nov 29, 2018.
             Succumbed to an adder's poison
             ... on level 2 of the Dungeon.
             The game lasted 00:03:37 (946 turns).

MalarOregon the Chiller (Merfolk Ice Elementalist)   Turns: 946, Time: 00:03:37

Health: 0/39       AC: 21    Str: 11    XL:     3   Next: 54%
Magic:  1/6        EV:  2    Int: 15    God:
Gold:   57         SH:  0    Dex: 14    Spells: 3/6 levels left

rFire    . . .     SeeInvis .   b - +1 dagger
rCold    . . .     Gourm    .   (no shield)
rNeg     + + +     Faith    .   (armour currently unavailable)
rPois    +         Spirit   .   (helmet currently unavailable)
rElec    .         Reflect  .   (cloak currently unavailable)
rCorr    .         Harm     .   (gloves currently unavailable)
MR       .....     NoTele   +   (boots currently unavailable)
Stlth    ++........             (no amulet)
HPRegen  0.13/turn              m - +3 ring of strength
MPRegen  0.10/turn              (no ring)

@: lethally poisoned (0 -> -1), tree-form
A: (change form in water), (swift swim), (stealthy swim)
a: no special abilities


You were on level 2 of the Dungeon.
You were not hungry.
You were a tree.
You visited 1 branch of the dungeon, and saw 2 of its levels.

You collected 57 gold pieces.

Inventory:

Hand Weapons
 b - a +1 dagger (weapon)
   (You took it off a kobold on level 1 of the Dungeon)
Armour
 a - a +0 robe (melded)
 f - a +0 pair of gloves (melded)
   (You found it on level 1 of the Dungeon)
Jewellery
 m - a +3 ring of strength (left branch)
   (You found it on level 2 of the Dungeon)
Scrolls
 g - a scroll of noise {!r}
 l - a scroll of immolation {unknown}
Comestibles
 d - 3 chunks of flesh
 e - 3 rations {!d}


   Skills:
 * Level 1.4 Fighting
 * Level 0.7 Armour
 * Level 3.4 Dodging
 - Level 2.1 Stealth
 + Level 2.2 Spellcasting
 + Level 1.0 Conjurations
 + Level 3.4 Ice Magic


You had 3 spell levels left.
You knew the following spells:

 Your Spells              Type           Power        Failure   Level  Hunger
a - Freeze                Ice            ##..         5%          1    #......
x - Throw Frost           Conj/Ice       #.....       13%         2    ###....

Your spell library contained the following spells:

 Spells                   Type           Power        Failure   Level  Hunger
 Ozocubu's Armour         Chrm/Ice       #.......     32%         3    ###....
 Throw Icicle             Conj/Ice       #.......     65%         4    #####..
 Summon Ice Beast         Ice/Summ       #.......     71%         4    #####..


Dungeon Overview and Level Annotations

Branches:
Dungeon (1/15)

Altars:


Message History

You freeze the hobgoblin. The hobgoblin hits you with a club.
* * * LOW HITPOINT WARNING * * *
Aim: a hobgoblin, wielding a club (almost dead)
You freeze the hobgoblin.
You kill the hobgoblin!
Unknown command.
Things that are here:
a club; a hobgoblin corpse You butcher the hobgoblin corpse.
d - 3 chunks of flesh (gained 2)
Things that are here:
a club; a hobgoblin skeleton You start resting.
The worm is too close now for your liking.
The adder hisses angrily.
Okay, then.
As you read the scroll labeled IKO DYSOXEURYU, it crumbles to dust.
It is a scroll of enchant weapon.
Your +0 dagger glows red for a moment.
The adder bites you.
* * * LOW HITPOINT WARNING * * *
You are poisoned.
The adder poisons you!
Aim: an adder You freeze the adder.
The adder seems to slow down.
* * * LOW HITPOINT WARNING * * *
You feel sick. The adder bites you.
* * * LOW HITPOINT WARNING * * *
It was a potion of lignification.
You turn into a tree.
Your +0 pair of gloves melds into your body.
Your +0 robe melds into your body.
Your roots penetrate the ground.
It was a potion of flight.
Your roots keep you in place.
The adder bites you but does no damage.
Aim: an adder (heavily wounded, slow)
You freeze the adder.
* * * LOW HITPOINT WARNING * * *
You feel sick. The adder bites you but does no damage.
Aim: an adder (severely wounded, slow)
You freeze the adder.
You kill the adder!
Your Conjurations skill increases to level 1!
As you read the scroll labeled XYZAFR GIAXTOCKOMN, it crumbles to dust.
You hear a loud clanging noise!
It was a scroll of noise.
You hear a shout!
You hear an angry hiss.
A goblin comes into view.
As you read the scroll labeled INYOHEREHI, it crumbles to dust.
You feel a strange sense of stasis.
It was a scroll of teleportation.
As you read the scroll labeled KUEHUA HAKUSE, it crumbles to dust.
You feel blessed for a moment.
It was a scroll of remove curse.
You die...

##.#.#
#.#..##.#.###.
...#.....#..##.# .
.######..#..##.#
###. .# #..#..##.#
... .# #..#.w##.#
..# .# #..#..##.#
..# .# #..#..##.#
..# .#
#..#.)##.##..# .#
#........†♣..# w#
#.#...(...........
.#
#....#####.?.####.
.# ###.# #...# .##
#. #...# ..# ..
...g# #.....s...
#.#.. ..#####.
#.#### ###


You could see a goblin.

Vanquished Creatures
  An adder (D:2)
  2 leopard geckos
  7 bats (D:1)
  3 giant cockroaches (D:1)
  2 goblins (D:1)
  4 hobgoblins
  4 kobolds (D:1)
  4 frilled lizards (D:1)
  4 rats
31 creatures vanquished.

Notes
Turn   | Place    | Note
-------+----------+-------------------------------------------
     0 | D:1      | MalarOregon the Merfolk Ice Elementalist began the quest
                  | for the Orb.
     0 | D:1      | Reached XP level 1. HP: 13/13 MP: 3/3
   273 | D:1      | Reached XP level 2. HP: 20/20 MP: 3/5
   296 | D:1      | Learned a level 2 spell: Throw Frost
   354 | D:1      | Reached skill level 1 in Fighting
   664 | D:1      | Reached XP level 3. HP: 26/26 MP: 2/6
   850 | D:1      | You fall through a shaft!
   939 | D:2      | HP: 1/26 [adder (3)]
   943 | D:2      | Reached skill level 1 in Conjurations
   946 | D:2      | Succumbed to an adder's poison

Skill      XL: |  1  2  3 |
---------------+----------+-----
Dodging        | 3 |  3.4
Fighting       | 1 |  1.4
Conjurations   | 1 |  1.0
Armour         | |  0.7
Stealth        | |  2.1
Spellcasting   | |  2.2
Ice Magic      | |  3.4

Action                   || total
-------------------------++-------
Melee: Unarmed           ||    18
       Dagger            ||    29
 Cast: Freeze            ||    47
  Use: Scroll            ||     4
       Potion            ||     2
 Stab: Sleeping          ||     4
  Eat: Chunk             ||     1
Armor: Robe              ||    24
       Skin              ||     2
Dodge: Dodged            ||    49
